 Dungeon Crawl Stone Soup version 0.29-a0-344-ge2f44be95a (webtiles) character file.

Game seed: 1426757960790436892

112 thebigman69 the Cudgeller (level 4, 0/38 HPs)
             Began as a Minotaur Gladiator on Apr 21, 2022.
             Splashed by a jelly's acid (9 damage)
             ... on level 4 of the Dungeon.
             The game lasted 00:04:48 (3178 turns).

thebigman69 the Cudgeller (Minotaur Gladiator)      Turns: 3178, Time: 00:04:48

Health: 0/38       AC:  3    Str: 20    XL:     4   Next: 63%
Magic:  3/3        EV: 13    Int:  5    God:
Gold:   180        SH:  0    Dex: 12    Spells: 3/3 levels left

rFire   . . .      SeeInvis .   a - +0 flail
rCold   . . .      Faith    .   (no shield)
rNeg    . . .      Spirit   .   b - +0 leather armour
rPois   .          Reflect  .   c - +0 hat
rElec   .          Harm     .   (no cloak)
rCorr   .          Rampage  .   (no gloves)
Will    .....                   (no boots)
Stlth   +.........              (no amulet)
HPRegen 0.12/turn               (no ring)
MPRegen 0.08/turn               (no ring)

@: no status effects
A: horns 2, retaliatory headbutt
a: no special abilities


You were on level 4 of the Dungeon.
You visited 1 branch of the dungeon, and saw 4 of its levels.

You collected 180 gold pieces.

Inventory:

Hand Weapons
 a - a +0 flail (weapon)
Missiles
 d - 3 throwing nets (quivered)
 e - 7 javelins
Armour
 b - a +0 leather armour (worn)
 c - a +0 hat (worn)
Jewellery
 f - a ring of poison resistance
Scrolls
 h - 2 scrolls of teleportation {unknown}
 i - a scroll of holy word {unknown}
 j - a scroll of blinking {unknown}
 l - a scroll of amnesia {unknown}
 p - 5 scrolls of identify {unknown}
 q - a scroll of immolation {unknown}
 u - a scroll of fog {unknown}
Potions
 g - a potion of cancellation {unknown}
 k - a potion of lignification {unknown}
 m - 2 potions of ambrosia {unknown}
 n - a potion of flight {unknown}
 o - 2 potions of brilliance {unknown}
 r - a potion of attraction {unknown}
 s - 3 potions of resistance {unknown}
 t - a potion of degeneration {unknown}


   Skills:
 + Level 3.0 Fighting
 + Level 5.2 Maces & Flails
 + Level 2.1 Throwing
 + Level 1.7 Armour
 + Level 4.1 Dodging


You had 3 spell levels left.
You didn't know any spells.
Your spell library was empty.

Dungeon Overview and Level Annotations

Branches:
Dungeon (4/15)
 Temple: D:4-7

Altars:
Hepliaklqana
Ru


Innate Abilities, Weirdness & Mutations

You have a pair of horns on your head.
You reflexively headbutt those who attack you in melee.


Message History

You are too injured to fight recklessly!
A jelly is nearby!
You are too injured to fight recklessly!
A jelly is nearby!
You are too injured to fight recklessly!
A jelly is nearby!
You are too injured to fight recklessly!
A jelly is nearby!
You are too injured to fight recklessly!
A jelly is nearby!
You are too injured to fight recklessly!
A jelly is nearby!
A jelly is nearby!
You are too injured to fight recklessly!
You are too injured to fight recklessly!
You are too injured to fight recklessly!
The jelly closely misses you. The jelly attacks as you move away!
The jelly misses you.
You are too injured to fight recklessly!
You are too injured to fight recklessly!
You are too injured to fight recklessly!
The jelly misses you. You furiously retaliate!
You headbutt the jelly.
You are too injured to fight recklessly!
The jelly attacks as you move away! The jelly barely misses you.
You are too injured to fight recklessly!
You are too injured to fight recklessly!
You are too injured to fight recklessly!
You are no longer corroded.
You are too injured to fight recklessly!
You are too injured to fight recklessly!
You are too injured to fight recklessly!
You are too injured to fight recklessly!
The jelly misses you. The jelly attacks as you move away! The jelly hits you.
You are splashed with acid!
* * * LOW HITPOINT WARNING * * *
The jelly attacks as you move away! The jelly hits you.
* * * LOW HITPOINT WARNING * * *
You are splashed with acid!
You die...

#.# ######.########
#....#.........
#.#..#.########
######.##.#.#
#...........#
#.....###.##########
#..J..# #...........
#..@..# #######....#
#.....####### #....#
#...........# #....#
###......##.###....#
#................'
#......##[###....#
#......##.# ######
#......##.########
#..>..............


You could see a jelly.

Vanquished Creatures
  3 adders
  2 worms (D:3)
  2 dart slugs
  2 orcs (D:3)
  3 bats (D:1)
  8 endoplasms
  5 giant cockroaches
  5 goblins
  5 hobgoblins
  4 jackals
  8 kobolds
  4 quokkas
  5 ball pythons
  5 frilled lizards
  6 rats
  A spectral orc (D:3)
68 creatures vanquished.

Notes
Turn   | Place    | Note
-------+----------+-------------------------------------------
     0 | D:1      | thebigman69 the Minotaur Gladiator began the quest for the
                  | Orb.
     0 | D:1      | Reached XP level 1. HP: 18/18 MP: 0/0
   210 | D:1      | Reached XP level 2. HP: 17/25 MP: 1/1
   333 | D:1      | Reached skill level 4 in Maces & Flails
   598 | D:1      | Reached XP level 3. HP: 30/30 MP: 2/2
  1325 | D:2      | Reached skill level 1 in Armour
  1748 | D:2      | You fall into a shaft and drop 1 floor!
  1757 | D:3      | Reached XP level 4. HP: 26/37 MP: 3/3
  1886 | D:3      | Reached skill level 5 in Maces & Flails
  2042 | D:3      | Found a hazy altar of Hepliaklqana.
  2543 | D:3      | Found a sacrificial altar of Ru.
  3178 | D:4      | Splashed by a jelly's acid

Illustrated notes

Levels and vault maps discovered:
D:1:      erik_arrival_cave_to_civilisation [erik_arrival_cave_to_temple],
          layout_loops_ring
D:2:      layout_basic
D:3:      layout_loops_ring, nicolae_hepliaklqana_monster_ancestors,
          nicolae_ru_path_of_blood, nicolae_figureground_sparkle
D:4:      layout_basic, mainiacjoe_overflow_small_starburst,
          minmay_temple_entry_large_hall

Skill      XL: |  1  2  3  4 |
---------------+-------------+-----
Maces & Flails | 4 5 |  5.2
Dodging        | 4 |  4.1
Armour         | 1 |  1.7
Fighting       | 3 |  3.0
Throwing       | |  2.1

Action                   |  1- 3 |  4- 6 || total
-------------------------+-------+-------++-------
Melee: Flail             |    97 |    38 ||   135
       Headbutt          |     9 |     8 ||    17
       Punch             |       |     2 ||     2
Armor: Leather armour    |    24 |    10 ||    34
Dodge: Dodged            |    72 |    27 ||    99

Table legend: (Time is in decaauts)
 A = Elapsed time spent in this place.
 B = Non-inter-level travel time spent in this place.
 C = Inter-level travel time spent in this place.
 D = Time resting spent in this place.
 E = Time spent auto-exploring this place.
 F = Levels seen in this place.
 G = Mean time per level.
                   A        B        C        D        E       F      G
               +--------+--------+--------+--------+--------+-----+--------+
         Total |   3201 |   3123 |     78 |      0 |   2712 |   4 |  800.2 |
       Dungeon |   3201 |   3123 |     78 |      0 |   2712 |   4 |  800.2 |
               +--------+--------+--------+--------+--------+-----+--------+

Top non-repeatable levels by time:
     D:3: 1248 daAuts
     D:1: 1187 daAuts
     D:2: 578 daAuts
     D:4: 186 daAuts
